AoeStats
← KG.专业开脑壳

MegaRandom

507714625Analyzed
3v3 RM · 11d ago on Sep 19, 2026· 29m 22s· 6 players
Game mode
Random Map
Map size
Normal (6 player)
Population
200
Speed
Normal
Resources
Standard
Victory
Conquest
Starting age
Dark Age
Ending age
Imperial Age
RankedLock teamsTeams togetherTeam positionsShared explorationLock speedFull tech treeHidden civsTurbo modeCheats
Victory
Defeat
1193
+17
🇯🇵 Sicilians · Japan
1183
+17
🇨🇳 Ethiopians · China
1155
+18
🇫🇷 Vietnamese · France
1268
-19
🇫🇷 Magyars · France
1190
-17
🇫🇷 Goths · France
1173
-16
泰拉之花.群山俯首
7:27 Loom
10:27 Feudal Age
10:54 Double-Bit Axe
13:46 Gold Mining
18:15 Castle Age
17:05 Fletching
17:19 Gold Mining
18:10 Horse Collar
18:56 Crossbowman
20:08 Bow Saw
22:59 Bodkin Arrow
27:53 Ballistics
30:17 Imperial Age
28:26 Wheelbarrow
28:58 Padded Archer Armor
KG.专业开脑壳
6:59 Loom
9:35 Feudal Age
11:45 Double-Bit Axe
12:41 Gold Mining
14:30 Fletching
14:45 Horse Collar
15:47 Padded Archer Armor
21:28 Castle Age
21:32 Crossbowman
22:24 Bodkin Arrow
23:08 Wheelbarrow
22:57 Thumb Ring
24:30 Bow Saw
25:46 Leather Archer Armor
28:19 Heavy Plow
30:18 Gold Shaft Mining
only vills
8:05 Loom
Бэтмен
5:43 Loom
7:43 Loom
11:26 Feudal Age
11:35 Feudal Age
17:00 Castle Age
21:15 Double-Bit Axe
29:05 Wheelbarrow
T'choupi.exe
5:43 Loom
10:58 Feudal Age
11:37 Double-Bit Axe
14:04 Fletching
18:19 Padded Archer Armor
22:07 Wheelbarrow
24:23 Castle Age
22:34 Gold Mining
22:27 Horse Collar
24:26 Crossbowman
25:03 Bodkin Arrow
25:37 Thumb Ring
Mona Lisa
4:15 Loom
11:55 Feudal Age
13:42 Padded Archer Armor
13:34 Fletching
13:40 Fletching
Connection lost

Rejoining the realm…

Still unreachable

The connection could not be restored.

Session expired

The server has moved on; the page needs a fresh start.